 Dungeon Crawl Stone Soup version 0.20.0-10-g0535bb4 (webtiles) character file.

2474 grindst0ne the Protected (level 9, -1/59 HPs)
             Began as a Gargoyle Fighter on June 3, 2017.
             Was a Follower of Okawaru.
             Killed by divine providence
             ... invoked by an orc priest
              (12 damage)
             ... on level 6 of the Dungeon.
             The game lasted 00:12:03 (6014 turns).

grindst0ne the Protected (Gargoyle Fighter)         Turns: 6014, Time: 00:12:03

Health: -1/59      AC: 22    Str: 23    XL:     9   Next: 51%
Magic:  9/9        EV:  7    Int:  8    God:    Okawaru [*.....]
Gold:   343        SH:  0    Dex: 10    Spells: 8/8 levels left

rFire    . . .     SeeInvis +   F - +4 battleaxe (pain)
rCold    + . .     Gourm    +   (shield currently unavailable)
rNeg     + . .     Faith    .   i - +0 plate armour
rPois    ∞         Spirit   .   (no helmet)
rElec    +         Reflect  .   r - scarf {cloud immunity}
rCorr    .         Harm     .   (no gloves)
MR       .....                  e - +1 pair of boots
Stlth    ..........             s - amulet of the gourmand
Regen    0.0/turn               l - +5 ring of protection
MPRegen  0.2/turn               L - ring of stealth

@: no status effects
A: see invisible, clumsy 1, cold resistance 1, deformed body, negative energy
resistance 1, electricity resistance, inhibited regeneration, strong 1,
unbreathing, evolution 1, petrification resistance, rot immunity, AC +5
a: Heroism, Renounce Religion


You were on level 6 of the Dungeon.
You worshipped Okawaru.
Okawaru was aware of your devotion.
You were completely stuffed.

You visited 1 branch of the dungeon, and saw 6 of its levels.
You also visited: Ossuary.

You collected 343 gold pieces.

Inventory:

Hand Weapons
 a - a +0 flail
 F - a +4 battleaxe of pain (weapon)
Armour
 b - a +0 scale mail
 c - a +0 shield
 e - a +1 pair of boots (worn)
 i - a +0 plate armour (worn)
 r - a scarf of cloud immunity (worn)
Jewellery
 l - a +5 ring of protection (left hand)
 s - an amulet of the gourmand (around neck)
 v - an uncursed ring of fire
 K - an uncursed ring of fire
 L - a ring of stealth (right hand)
Wands
 o - a wand of lightning (15/15)
 H - a wand of lightning (9/15)
Scrolls
 t - a scroll of amnesia
 u - a scroll of recharging
 w - a scroll of remove curse
 x - a scroll of blinking
 y - 3 scrolls of identify
 E - a scroll of teleportation
 I - a scroll of immolation {unknown}
 J - a scroll of enchant armour
Potions
 d - 3 potions of magic
 h - 2 potions of cancellation
 j - 3 potions of curing
 k - 4 potions of brilliance
 m - 5 potions of lignification {unknown}
 p - a potion of degeneration {unknown}
 q - 2 potions of mutation {unknown}
 z - 2 potions of might
 A - 3 potions of flight {unknown}
 B - a potion of agility {unknown}
 C - a potion of ambrosia {unknown}
Comestibles
 f - 3 bread rations
 g - 6 meat rations
 n - 3 royal jellies
 D - 2 fruits
 G - 2 chunks of flesh


   Skills:
 - Level 8.0 Fighting
 + Level 5.5(5.6) Axes
 - Level 2.0(4.3) Maces & Flails
 - Level 10.0 Armour
 - Level 3.2 Shields


You had 8 spell levels left.
You didn't know any spells.

Dungeon Overview and Level Annotations

Branches:
Dungeon (6/15)
 Temple: D:4-7

Altars:
Ashenzari
Cheibriados
Elyvilon
Okawaru
Qazlal
Ru
Yredelemnul

Shops:
D:5 (


Innate Abilities, Weirdness & Mutations

You are resistant to torment.
Your stone body is resilient. (AC +5)
You are immune to poison.
You resist negative energy. (rN+)
You are resistant to electric shocks. (rElec)
You can survive without breathing.
You are immune to petrification.
You are immune to rotting.
You have supernaturally acute eyesight. (SInv)
You are clumsy. (Dex -2)
Your flesh is cold resistant. (rC+)
Armour fits poorly on your strangely shaped body.
You do not regenerate when monsters are visible.
Your muscles are strong. (Str +2)
You evolve.


Message History

Okawaru accepts your kill.
You feel your dexterity returning.
You barely miss the orc.
Your plate armour prevents you from hitting the orc wizard.
The bullfrog barely misses you.
The orc warrior hits you but does no damage.
The bullfrog hits you but does no damage.
The orc wizard hits you but does no damage.
The orc priest mumbles some strange prayers to Beogh against you.
Beogh smites you! The orc hits you but does no damage.
The orc warrior hits you from afar with a halberd!
* * * LOW HITPOINT WARNING * * *
You feel less confused.
The orc wizard gestures at you while chanting.
You easily resist.
The orc priest calls upon Beogh to heal the orc wizard.
The orc wizard is healed somewhat.
The orc priest calls down the wrath of Beogh upon you.
Beogh smites you!
You die...

# o# . #. .. #####.##.. .#. #.
#...o..... ########.#.##.
#...o.....
<......#.#..#.##ooo......
######...##.#.##.F)....# #
#.#......##@......#
######.#.###.............
......#........#.......#.
......#.##.#...#######.#
......#.##.#.(.#######.#
......#.##.............#
......#.####...#.#######
#######.....#..#.......########
#.....#>.#######.#......#


You could see an orc warrior, a bullfrog, 2 orc priests, an orc wizard and 2
orcs.

Vanquished Creatures
  Grinder (D:3)
  Prince Ribbit (D:5)
  Sigmund (D:2)
  Eustachio (D:5)
  A hornet zombie (D:6)
  3 phantoms
  A sky beast (D:5)
  Blork the orc (D:4)
  2 elf skeletons (D:4)
  An elf zombie (D:4)
  A water moccasin zombie (Ossuary)
  2 scorpions (D:4)
  4 killer bees
  3 howler monkeys
  2 crimson imps
  A centaur skeleton (D:6)
  3 hounds
  3 orc wizards
  A human skeleton (D:4)
  3 worker ants
  2 big kobold zombies (Ossuary)
  A hound zombie (D:5)
  2 mummies (Ossuary)
  4 gnolls (D:4)
  8 adders
  An ooze (D:3)
  2 adder zombies
  2 worms
  A dart slug (D:3)
  3 leopard geckos
  9 orcs
  5 bats
  3 giant cockroaches
  3 gnoll zombies (Ossuary)
  A hobgoblin (D:3)
  3 jackals (D:3)
  8 kobolds
  2 quokkas
  A ball python (D:4)
  7 frilled lizards
  5 goblins
  4 hobgoblin zombies (Ossuary)
  6 kobold zombies (Ossuary)
  An orc skeleton (D:4)
  5 orc zombies
  A quokka skeleton (D:5)
  3 rats
129 creatures vanquished.

Notes
Turn   | Place    | Note
-------+----------+-------------------------------------------
     0 | D:1      | grindst0ne the Gargoyle Fighter began the quest for the Orb.
     0 | D:1      | Reached XP level 1. HP: 14/14 MP: 1/1
   325 | D:1      | Reached XP level 2. HP: 17/19 MP: 2/2
   770 | D:2      | Noticed Sigmund
   777 | D:2      | Reached skill level 4 in Armour
  1153 | D:2      | Killed Sigmund
  1153 | D:2      | Reached skill level 6 in Armour
  1153 | D:2      | Reached XP level 3. HP: 12/23 MP: 3/3
  1153 | D:2      | Reached XP level 4. HP: 15/28 MP: 4/4
  1153 | D:2      | Reached XP level 5. HP: 18/32 MP: 5/5
  1928 | D:3      | Reached skill level 7 in Armour
  1928 | D:3      | Reached XP level 6. HP: 36/37 MP: 6/6
  1942 | D:3      | Noticed Grinder
  1948 | D:3      | Paralysed by Grinder for 6 turns
  2344 | D:3      | Killed Grinder
  2344 | D:3      | Reached skill level 8 in Armour
  2344 | D:3      | Reached XP level 7. HP: 20/41 MP: 7/7
  2537 | D:3      | Found a snail-covered altar of Cheibriados.
  2543 | D:3      | Found a sacrificial altar of Ru.
  2545 | D:3      | Found a white marble altar of Elyvilon.
  2616 | D:3      | Found a basalt altar of Yredelemnul.
  3175 | D:4      | Reached skill level 9 in Armour
  3508 | D:4      | Reached skill level 10 in Armour
  3508 | D:4      | Reached XP level 8. HP: 36/46 MP: 8/8
  3510 | D:4      | Found a sand-covered staircase.
  3516 | Ossuary  | Entered an ossuary
  3946 | D:4      | Reached skill level 5 in Fighting
  3949 | D:4      | Found a stormy altar of Qazlal.
  4122 | D:4      | Noticed Blork the orc
  4132 | D:4      | Killed Blork the orc
  4351 | D:4      | Found an iron altar of Okawaru.
  4371 | D:4      | Became a worshipper of Warmaster Okawaru
  4570 | D:5      | Entered Level 5 of the Dungeon
  4570 | D:5      | Found Vuiraub's Antique Weapon Emporium.
  5198 | D:5      | Reached skill level 1 in Axes
  5308 | D:5      | Noticed Prince Ribbit
  5316 | D:5      | Killed Prince Ribbit
  5316 | D:5      | Reached XP level 9. HP: 59/59 MP: 9/9
  5390 | D:5      | Found a shattered altar of Ashenzari.
  5549 | D:5      | Gained mutation: Your flesh is cold resistant. (rC+) [mutagenic meat]
  5550 | D:5      | Gained mutation: You are clumsy. (Dex -2) [mutagenic meat]
  5551 | D:5      | Gained mutation: Armour fits poorly on your strangely shaped body. [mutagenic meat]
  5552 | D:5      | Gained mutation: Your muscles are strong. (Str +2) [mutagenic meat]
  5553 | D:5      | Gained mutation: You evolve. [mutagenic meat]
  5554 | D:5      | Gained mutation: You do not regenerate when monsters are visible. [mutagenic meat]
  5599 | D:5      | Noticed Eustachio
  5625 | D:5      | Killed Eustachio
  5625 | D:5      | Reached * piety under Okawaru
  5714 | D:5      | Gained mutation: You have supernaturally acute eyesight. (SInv) [evolution]
  5882 | D:6      | Reached skill level 5 in Axes
  6014 | D:6      | Killed from afar by an orc priest

Skill      XL: |  1  2  3  4  5  6  7  8  9 |
---------------+----------------------------+-----
Armour         | 6 7 8 10 | 10.0
Fighting       | 8 |  8.0
Axes           | 2 5 |  5.5
Maces & Flails | |  2.0
Shields        | |  3.2

Action                   |  1- 3 |  4- 6 |  7- 9 || total
-------------------------+-------+-------+-------++-------
Melee: Flail             |    77 |    74 |   407 ||   558
       Battleaxe         |       |       |   177 ||   177
  Use: Potion            |     1 |       |     2 ||     3
       Scroll            |       |     3 |    12 ||    15
  Eat: Chunk             |       |     5 |    23 ||    28
       Bread ration      |       |       |     1 ||     1
Armor: Plate armour      |    53 |    70 |   586 ||   709
       Scale mail        |     8 |       |       ||     8
Dodge: Dodged            |    17 |    16 |   203 ||   236
Block: Shield            |    45 |    37 |   180 ||   262
